 Dungeon Crawl Stone Soup version 0.29.1-4-g47bece8355 (webtiles) character file.

Game seed: 17771250947780646840

140 trench the Trooper (level 5, -2/46 HPs)
             Began as a Draconian Warper on Dec 5, 2022.
             Was an Initiate of the Shining One.
             Slain by Eustachio
             ... wielding a +0 rapier
              (4 damage)
             ... on level 3 of the Dungeon.
             The game lasted 00:14:25 (3275 turns).

trench the Trooper (Draconian Warper)               Turns: 3275, Time: 00:14:26

Health: -2/46      AC:  9    Str: 15    XL:     5   Next: 2%
Magic:  9/9        EV: 11    Int: 14    God:    the Shining One [......]
Gold:   234        SH:  8    Dex: 16    Spells: 9/9 levels left

rFire   . . .      SeeInvis .   a - +0 spear
rCold   . . .      Faith    .   i - +0 kite shield
rNeg    . . .      Spirit   .   (body armour unavailable)
rPois   .          Reflect  .   (helmet restricted)
rElec   .          Harm     .   (no cloak)
rCorr   .          Rampage  .   (no gloves)
Will    .....                   (no boots)
Stlth   +.........              (no amulet)
HPRegen 0.15/turn               g - +6 ring of dexterity
MPRegen 0.11/turn               j - +4 ring of protection

@: brilliant, glowing
A: AC +5, unfitting armour, cold-blooded
a: Renounce Religion


You were on level 3 of the Dungeon.
You worshipped the Shining One.
The Shining One was noncommittal.
You visited 1 branch of the dungeon, and saw 4 of its levels.

You collected 234 gold pieces.

Inventory:

Hand Weapons
 a - a +0 spear (weapon)
Missiles
 c - 3 boomerangs of dispersal
 e - 3 boomerangs (quivered)
Armour
 i - a +0 kite shield (worn)
 t - a +0 helmet
Jewellery
 g - a +6 ring of dexterity (left hand)
 j - a +4 ring of protection (right hand)
 u - a ring of flight
Scrolls
 d - 2 scrolls of amnesia {unknown}
 f - a scroll of brand weapon {unknown}
 l - a scroll of enchant weapon {unknown}
 m - a scroll of teleportation {unknown}
 n - a scroll of noise {unknown}
 o - a scroll of identify
Potions
 h - 2 potions of heal wounds
 p - a potion of flight


   Skills:
 * Level 3.8 Fighting
 - Level 2.0 Polearms
 - Level 0.8 Throwing
 + Level 2.7 Dodging
 + Level 1.2 Shields
 + Level 2.6 Spellcasting
 + Level 3.6 Translocations


You had 9 spell levels left.
You didn't know any spells.
Your spell library contained the following spells:

 Spells                   Type           Power      Damage    Failure   Level
 Blink                    Tloc           36%        N/A       26%         2
 Gell's Gravitas          Tloc           18%        N/A       45%         3
 Lesser Beckoning         Tloc           18%        N/A       45%         3
 Teleport Other           Tloc           18%        N/A       45%         3
 Summon Small Mammal      Summ           8%         N/A       58%         1
 Scorch                   Fire           4%         2d5       75%         2
 Call Canine Familiar     Summ           2%         N/A       92%         3
 Summon Guardian Golem    Hex/Summ       2%         N/A       92%         3
 Manifold Assault         Tloc           18%        N/A       99%         5
 Flame Wave               Conj/Fire      2%         2d4       100%        4
 Summon Cactus Giant      Summ           1%         N/A       100%        6


Dungeon Overview and Level Annotations

Branches:
Dungeon (4/15)
 Temple: D:4-7

Altars:
Elyvilon
Hepliaklqana
Ru
Yredelemnul
The Shining One

Annotations:
D:3 Eustachio


Innate Abilities, Weirdness & Mutations

Your plain brown scales are hard. (AC +5)
You cannot fit into any form of body armour.
You are cold-blooded and may be slowed by cold attacks.


Message History

You block the rat's attack.
You hit Eustachio but do no damage.
You tail-slap Eustachio, but do no damage.
Eustachio is severely wounded.
Eustachio asks, "How can you live without manners, virtues and honour?"
Eustachio hits you with a +0 rapier. The rat barely misses you.
The river rat closely misses you. The quokka barely misses you.
The crimson imp hits you. The rat barely misses you.
You block the river rat's attack. Eustachio hits you with a +0 rapier.
* * * LOW HITPOINT WARNING * * *
The rat barely misses you.
You hit Eustachio but do no damage.
Eustachio is severely wounded.
The quokka barely misses you. The crimson imp misses you.
The rat twitches its whiskers.
The rat bites you.
* * * LOW HITPOINT WARNING * * *
The rat misses you. The quokka bites you.
* * * LOW HITPOINT WARNING * * *
You block the river rat's attack. Eustachio hits you with a +0 rapier.
* * * LOW HITPOINT WARNING * * *
As you read the scroll labelled MYERHY QIXA, it crumbles to dust.
It is a scroll of identify.
r - a scroll of summoning The crimson imp hits you but does no damage.
The white imp puffs mist at you.
The crimson imp grins evilly.
You block the quokka's attack. The rat closely misses you.
The rat twitches its whiskers.
The rat barely misses you.
The river rat bites you but does no damage.
Eustachio hits you with a +0 rapier.
* * * LOW HITPOINT WARNING * * *
As you read the scroll of summoning, it crumbles to dust.
Wisps of shadow whirl around you... The crimson imp barely misses you.
The white imp lashes its tail.
You block the quokka's attack.
The rat bites you but does no damage. x2
The river rat bites you.
* * * LOW HITPOINT WARNING * * *
Eustachio hits you with a +0 rapier.
You die...

#.#.#...~._.~...#......
##.##.#..~.).~..#.......
#...>..#..~~~..#.#......
#.##....#######.##......
######.#............###.....)
#..........#...#...####......
#........##.5##..#....#......
#.......##8r@8##.#....#......
#.......#.g5@r5#......#......
#.......#..rJr.##.....####...
##..##...##8.l8#.#............
####..##....###..#####....##.#...
#....##.....# #..#.###...###'##..
..####...#..#.##.#.......#....#..
.####...##..#.##.##.###..#..♣.#..
.......# ###.##.........#.♣..#..
....._8# ####.##########.#....#..


You could see Eustachio, 2 crimson imps, a river rat (summoned), a white imp
(summoned), a quokka (summoned), 2 rats, a friendly endoplasm (summoned), a
friendly hobgoblin (summoned) and a friendly frilled lizard (summoned).

Vanquished Creatures
  A scorpion (D:3)
  A hound (D:3)
  A dart slug (D:2)
  4 orcs (D:3)
  7 bats
  2 endoplasms
  2 giant cockroaches
  4 goblins
  6 hobgoblins
  3 quokkas
  6 ball pythons
  2 frilled lizards (D:2)
  4 kobolds
  5 rats
  A toadstool (D:1)
49 creatures vanquished.

Vanquished Creatures (others)
  A worm (D:3)
  5 orcs (D:3)
  A goblin (D:3)
  A fungus (D:1)
  3 plants (D:1)
  4 toadstools (D:1)
15 creatures vanquished.

Grand Total: 64 creatures vanquished

Notes
Turn   | Place    | Note
-------+----------+-------------------------------------------
     0 | D:1      | trench the Draconian Warper began the quest for the Orb.
     0 | D:1      | Reached XP level 1. HP: 17/17 MP: 3/3
   603 | D:1      | Reached XP level 2. HP: 24/25 MP: 5/5
  1522 | D:2      | Reached XP level 3. HP: 28/31 MP: 6/6
  1757 | D:3      | Found a glowing golden altar of the Shining One.
  1765 | D:3      | Became a worshipper of the Shining One
  1803 | D:3      | Found a runed translucent door.
  1803 | D:3      | Noticed a human
  1813 | D:3      | Found a basalt altar of Yredelemnul.
  2033 | D:3      | Found a white marble altar of Elyvilon.
  2052 | D:3      | Found a hazy altar of Hepliaklqana.
  2137 | D:3      | Found a faded altar of an unknown god.
  2165 | D:3      | Found a sacrificial altar of Ru.
  2435 | D:4      | Noticed Eustachio
  2440 | D:4      | Noticed a scorpion
  2481 | D:3      | Reached XP level 4. HP: 19/38 MP: 7/7
  2920 | D:3      | Killed a scorpion
  2921 | D:3      | Reached skill level 1 in Shields
  2921 | D:3      | Reached XP level 5. HP: 44/46 MP: 7/9
  3275 | D:3      | HP: 2/46 [river rat[Eustachio] (2)]
  3275 | D:3      | Slain by Eustachio

Illustrated notes

Levels and vault maps discovered:
D:1:      tarquinn_simple_flora_water_b, layout_basic, minmay_gold_behind_fungi,
          corner_web_ring, dreamdust_princess_bridge, minmay_tetromino_s4
D:2:      layout_rooms
D:3:      layout_basic, dk_yredelemnul_ordeal,
          mainiacjoe_overflow_surrounded_room, nicolae_ru_awakened_eye,
          mainiacjoe_overflow_catwalk_spiral,
          hellmonk_ecumenical_altar_crossroads, st_stairs_6,
          kennysheep_generic_room_14
D:4:      layout_cave_pools, lemuel_round_altar, serial_shops,
          nicolae_square_shop, uniq_eustachio

Skill      XL: |  1  2  3  4 |
---------------+-------------+-----
Fighting       | 3 |  3.8
Shields        | 1 |  1.2
Polearms       | |  2.0
Throwing       | |  0.8
Dodging        | |  2.7
Spellcasting   | |  2.6
Translocations | |  3.6

Action                   |  1- 3 |  4- 6 || total
-------------------------+-------+-------++-------
Melee: Spear             |   204 |    84 ||   288
       Tailslap          |    14 |     9 ||    23
       Punch             |     2 |       ||     2
Throw: Boomerang         |     6 |    11 ||    17
  Use: Potion            |     3 |     4 ||     7
       Scroll            |       |     3 ||     3
 Stab: Sleeping          |     5 |       ||     5
       Distracted        |     1 |       ||     1
Armor: Skin              |   100 |    87 ||   187
Dodge: Dodged            |   111 |   140 ||   251
Block: Kite shield       |    87 |    88 ||   175
